AoeStats
← Guido166

Arena

510386255Analyzed
1v1 RM · 2d ago on Sep 30, 2026· 46m 58s· 2 players
Game mode
Random Map
Map size
Tiny (2 player)
Population
200
Speed
Normal
Resources
Standard
Victory
Conquest
Starting age
Dark Age
Ending age
Imperial Age
RankedLock teamsTeams togetherTeam positionsShared explorationLock speedFull tech treeHidden civsTurbo modeCheats
Victory
Defeat
🇦🇷 Spanish · Argentina
1052
+15
🇨🇱 Japanese · Chile
1027
-15
Guido166
10:45 Feudal Age
11:43 Horse Collar
16:19 Castle Age
15:12 Fletching
16:08 Double-Bit Axe
16:44 Stone Mining
19:37 Loom
19:53 Bodkin Arrow
21:10 Wheelbarrow
21:43 Padded Archer Armor
21:47 Heavy Plow
24:09 Leather Archer Armor
33:15 Imperial Age
33:37 Imperial Age
31:28 Hand Cart
31:48 Bloodlines
32:12 Scale Barding Armor
33:53 Forging
34:18 Chain Barding Armor
34:08 Husbandry
34:03 Cavalier
35:11 Conscription
36:13 Plate Barding Armor
36:15 Ballistics
37:45 Chemistry
40:36 Iron Casting
40:46 Light Cavalry
44:04 Blast Furnace
46:35 Paladin
RelyingMarlin25
3:11 Loom
8:11 Loom
9:57 Feudal Age
10:13 Loom
10:32 Double-Bit Axe
10:18 Man-at-Arms
22:01 Castle Age
20:28 Fletching
20:53 Horse Collar
21:37 Padded Archer Armor
23:16 Bodkin Arrow
23:33 Elite Skirmisher
24:46 Bow Saw
28:16 Scale Mail Armor
30:16 Fervor
31:47 Wheelbarrow
31:56 Ballistics
32:46 Leather Archer Armor
36:09 Imperial Age
36:18 Forging
37:23 Chain Mail Armor
38:40 Pikeman
40:30 Iron Casting
40:25 Plate Mail Armor
40:05 Halberdier
41:15 Heavy Plow
Connection lost

Rejoining the realm…

Still unreachable

The connection could not be restored.

Session expired

The server has moved on; the page needs a fresh start.